 Dungeon Crawl Stone Soup version 0.21-a0-401-g0b6bec4 (webtiles) character file.

65 Moloch the Skirmisher (level 3, 6/29 HPs)
             Began as a Mummy Fighter on Oct 22, 2017.
             Quit the game on level 2 of the Dungeon.
             The game lasted 00:02:13 (1253 turns).

Moloch the Skirmisher (Mummy Fighter)               Turns: 1253, Time: 00:02:14

Health: 6/29       AC:  6    Str: 19    XL:     3   Next: 92%
Magic:  3/3        EV:  7    Int:  7    God:
Gold:   60         SH:  8    Dex: 12    Spells: 2/2 levels left

rFire    x . .     SeeInvis .   a - +0 trident
rCold    + . .     Gourm    .   c - +0 shield
rNeg     + + +     Faith    .   b - +0 scale mail
rPois    ∞         Spirit   .   (no helmet)
rElec    .         Reflect  .   (no cloak)
rCorr    .         Harm     .   (no gloves)
MR       .....                  (no boots)
Stlth    ..........             (no amulet)
HPRegen  0.09/turn              (no ring)
MPRegen  0.08/turn              (no ring)

@: no status effects
A: no food or potions, fire vulnerability, cold resistance 1, negative energy
resistance 3, torment resistance, unbreathing
a: no special abilities


You were on level 2 of the Dungeon.
You were not hungry.

You visited 1 branch of the dungeon, and saw 2 of its levels.

You collected 60 gold pieces.

Inventory:

Hand Weapons
 a - a +0 trident (weapon)
Armour
 b - a +0 scale mail (worn)
 c - a +0 shield (worn)


   Skills:
 + Level 3.6 Fighting
 * Level 3.0 Polearms
 - Level 2.4 Armour
 - Level 2.4 Shields


You had 2 spell levels left.
You didn't know any spells.

Dungeon Overview and Level Annotations

Branches:
Dungeon (2/15)

Altars:
Ashenzari
Qazlal
Sif Muna
Xom
Yredelemnul

Annotations:
D:2 Sigmund


Innate Abilities, Weirdness & Mutations

You do not eat or drink.
Your flesh is vulnerable to fire.
You are immune to poison.
Your flesh is cold resistant. (rC+)
You are immune to negative energy. (rN+++)
You are immune to unholy pain and torment.
You can survive without breathing.


Message History

You don't have any unidentified items.
You start waiting.
You barely miss Sigmund.
Sigmund casts a spell.
Sigmund flickers and vanishes!
Deactivating autopickup; reactivate with Ctrl-A.
Something hits you but does no damage.
Your scale mail prevents you from hitting something.
You hit something but do no damage. Something hits you but does no damage.
You closely miss something. Something hits you.
You closely miss something. Something hits you but does no damage.
You closely miss something. Something hits you.
You puncture something! Something hits you.
You closely miss something. You barely miss something. Something hits you!
You hit something but do no damage. Something hits you.
You hit something. Something hits you.
* * * LOW HITPOINT WARNING * * *
You miss something. You block something's attack.
Are you sure you want to abandon this character and quit the game? (Confirm with "yes".)

##########........#############
#..........######....##........
#.........#######÷.............
#.......(.).......####.########
###.........#########....# ##
...[........# #.....#### ##.
############# ##.##### #.. #
#######.{####### #.. #
##......@#......# #.. ##
####..#######......## ##.
.#####....## #........ ##
'#.#.#'...# #.......# ##
#..#..###.# #....@..# .# #.
.._#_..##.# ##......###.# #.
########..# ###..........w #.
.._# #### ###.....######.#####.
#..# #......## #..##...


There were no monsters in sight!

Vanquished Creatures
  An adder (D:2)
  A dart slug (D:1)
  3 leopard geckos
  4 bats
  2 giant cockroaches
  3 goblins
  8 hobgoblins
  8 jackals (D:1)
  A quokka (D:2)
  3 frilled lizards (D:1)
  5 kobolds
  6 rats
45 creatures vanquished.

Notes
Turn   | Place    | Note
-------+----------+-------------------------------------------
     0 | D:1      | Moloch the Mummy Fighter began the quest for the Orb.
     0 | D:1      | Reached XP level 1. HP: 18/18 MP: 1/1
    93 | D:1      | Reached XP level 2. HP: 17/24 MP: 2/2
   100 | D:1      | Found a shattered altar of Ashenzari.
   345 | D:1      | Reached XP level 3. HP: 27/29 MP: 3/3
   644 | D:2      | Noticed Sigmund
   657 | D:2      | Found a faded altar of an unknown god.
   933 | D:2      | Found a stormy altar of Qazlal.
   962 | D:2      | Found a shimmering altar of Xom.
  1054 | D:2      | Found a basalt altar of Yredelemnul.
  1096 | D:2      | Found a stormy altar of Qazlal.
  1172 | D:2      | Found a deep blue altar of Sif Muna.
  1253 | D:2      | Quit the game

Vault maps used:
D:1:      grunt_arrival_crossed_arrows, evilmike_ruin_ashenzari
D:2:      lemuel_round_altar, nicolae_overflow_quartered_altars,
          chequers_ecumenical_altar_simple, first_bread,
          nicolae_qazlal_eye_of_the_storm, uniq_sigmund,
          uniq_crazy_yiuf_cottage, uniq_robin

Skill      XL: |  1  2  3 |
---------------+----------+-----
Polearms       | 2 3 |  3.0
Fighting       | |  3.6
Armour         | |  2.4
Shields        | |  2.4

Action                   || total
-------------------------++-------
Melee: Trident           ||   159
  Use: Scroll            ||     3
Armor: Scale mail        ||    71
Dodge: Dodged            ||    41
Block: Shield            ||    77

Table legend:
 A = Spawn XP
 B = Non-spawn XP
 C = Spawn XP percentage of total XP
 D = Spawn monster count
 E = Non-spawn monster count
 F = Spawn count percentage of total count
 G = Total turns spent on level
                    A         B        C        D         E        F      G
               +---------+---------+-------+---------+---------+-------+---------
         Total |       0 |      93 |   0.0 |       0 |      45 |   0.0 |  1253
               +---------+---------+-------+---------+---------+-------+---------
           D:1 |       0 |      55 |   0.0 |       0 |      30 |   0.0 |   856
           D:2 |       0 |      38 |   0.0 |       0 |      15 |   0.0 |   397
               +---------+---------+-------+---------+---------+-------+---------
